 Dungeon Crawl Stone Soup version 0.30-a0-135-g630cfc4551 (webtiles) character file.

Game seed: 12987859168776920875

(classic levelgen) 90005 Amnesiac the Earth Mage (level 15, -24/76 (77) HPs)
             Began as a Spriggan Earth Elementalist on Sept 21, 2022.
             Was the Champion of Vehumet.
             Annihilated by a deep elf blademaster simulacrum (33 damage)
             ... on level 1 of the Elven Halls.
             The game lasted 01:25:47 (23732 turns).

Amnesiac the Earth Mage (SpEE)                     Turns: 23732, Time: 01:25:48

HP:   -24/76 (77)   AC:  9    Str:  4    XL:     15   Next: 51%
MP:   0/36          EV: 29    Int: 29    God:    Vehumet [******]
Gold: 2066          SH:  0    Dex: 17    Spells: 6/47 levels left

rFire   . . .      SeeInvis +    y - +1 dagger (drain)
rCold   . . .      Faith    .    (no shield)
rNeg    . . .      Spirit   +    z - +1 steam dragon scales
rPois   .          Reflect  .    (helmet restricted)
rElec   .          Harm     .    j - +2 cloak
rCorr   .          Rampage  .    (gloves unavailable)
Will    ++...                    (boots unavailable)
Stlth   ++........               E - amulet of guardian spirit
HPRegen 0.22/turn                B - +6 ring of intelligence
MPRegen 0.25/turn                e - +4 ring of evasion

@: very slightly contaminated, studying Axes, lightly drained, very quick
A: very small, no large weapons, unfitting armour, see invisible, speed 3
a: Renounce Religion


You were on level 1 of the Elven Halls.
You worshipped Vehumet.
Vehumet was exalted by your worship.
You visited 5 branches of the dungeon, and saw 21 of its levels.
You visited the Abyss 1 time.
You also visited: Ossuary, Gauntlet and Ice Cave.

You collected 2705 gold pieces.
You spent 639 gold pieces at shops.

Inventory:

Hand Weapons
 w - a +1 vorpal dagger
 y - a +1 dagger of draining (weapon)
Missiles
 u - a throwing net
 F - 7 curare-tipped darts
Armour
 j - a +2 cloak (worn)
 z - +1 steam dragon scales (worn)
Magical Staves
 o - a staff of fire
Jewellery
 e - a +4 ring of evasion (right hand)
 B - a +6 ring of intelligence (left hand)
 E - an amulet of guardian spirit (around neck)
 L - the amulet of Ymukoah {RegenMP Int+4 Dex+4}
   (You found it in a Gauntlet)

   [amulet of magic regeneration]

   It increases your rate of magic regeneration.
   Int:       It affects your intelligence (+4).
   Dex:       It affects your dexterity (+4).
Wands
 t - a wand of charming (24)
 D - a wand of iceblast (6)
Scrolls
 c - 5 scrolls of enchant weapon {!r}
 d - 8 scrolls of teleportation {!r}
 h - 2 scrolls of enchant armour {!r}
 i - 4 scrolls of vulnerability {!r}
 n - 4 scrolls of fear {!r}
 A - 2 scrolls of blinking {!r}
 I - 6 scrolls of identify {!r}
 K - a scroll of summoning {!r}
 N - 2 scrolls of poison {!r}
Potions
 a - 2 potions of resistance {!q, unknown}
 g - 7 potions of might {!q}
 k - 8 potions of haste {!q}
 l - 10 potions of curing {!q}
 m - 2 potions of lignification {!q, unknown}
 p - 3 potions of berserk rage {!q}
 q - 3 potions of mutation {!q}
 r - 4 potions of attraction {!q}
 v - 4 potions of cancellation {!q, unknown}
 x - 3 potions of flight {!q}
 C - a potion of ambrosia {!q, unknown}
 H - a potion of brilliance {!q}
Miscellaneous
 f - a piece from Xom's chessboard (15/15)
 G - a phial of floods
 M - a phial of floods


   Skills:
 + Level 7.6 Fighting
 - Level 12.0 Dodging
 - Level 3.0 Stealth
 + Level 16.5 Spellcasting
 - Level 3.0 Conjurations
 - Level 5.0 Hexes
 - Level 5.0 Transmutations
 * Level 17.9 Earth Magic
 - Level 5.0 Evocations


You had 6 spell levels left.
You knew the following spells:

 Your Spells              Type           Power      Damage    Failure   Level
a - Sandblast             Erth           100%       2d20      0%          1
b - Passwall              Tmut/Erth      61%        N/A       1%          2
c - Stone Arrow           Conj/Erth      100%       3d13      1%          3
d - Lee's Rapid Deconstr  Erth           45%        3d23*     1%          5
e - Petrify               Tmut/Erth      74%        N/A       1%          4
f - Passage of Golubria   Tloc           23%        N/A       19%         4
g - Yara's Violent Unrav  Hex/Tmut       26%        3d11      1%          5
h - Poisonous Vapours     Pois/Air       46%        N/A       1%          2
i - Tukima's Dance        Hex            52%        N/A       1%          3
q - Cigotuvi's Dreadful   Necr/Pois/Air  46%        N/A       3%          2
v - Blink                 Tloc           46%        N/A       3%          2
w - Irradiate             Conj/Tmut      23%        3d19      3%          5
z - Confusing Touch       Hex            52%        N/A       1%          3

Your spell library contained the following spells:

 Spells                   Type           Power      Damage    Failure   Level
 Orb of Destruction       Conj           20%        9d8       71%         7
 Magic Dart               Conj           100%       1d8       1%          1
 Frozen Ramparts          Ice            46%        1d7       1%          3
 Mephitic Cloud           Conj/Pois/Air  29%        N/A       1%          3
 Borgnjor's Vile Clutch   Necr/Erth      33%        N/A       1%          5
 Cause Fear               Hex            26%        N/A       2%          4
 Call Imp                 Summ           23%        N/A       3%          2
 Sublimation of Blood     Necr           23%        N/A       3%          2
 Olgreb's Toxic Radiance  Pois           23%        N/A       5%          4
 Gell's Gravitas          Tloc           23%        N/A       6%          3
 Teleport Other           Tloc           23%        N/A       6%          3
 Ice Form                 Ice/Tmut       38%        N/A       7%          4
 Manifold Assault         Tloc           23%        N/A       19%         4
 Summon Ice Beast         Ice/Summ       23%        N/A       19%         4
 Alistair's Intoxication  Tmut/Pois      25%        N/A       19%         5
 Silence                  Hex/Air        19%        N/A       19%         5
 Eringya's Noxious Bog    Tmut/Pois      19%        N/A       26%         6
 Conjure Ball Lightning   Conj/Air       16%        3x3d6     36%         6
 Dispersal                Tloc           11%        N/A       96%         6
 Lehudib's Crystal Spear  Conj/Erth      35%        10d9      38%         8
 Dragon Form              Tmut           26%        N/A       91%         7
 Enfeeble                 Hex            26%        N/A       91%         7
 Ozocubu's Refrigeration  Ice            11%        4d10      97%         7
 Storm Form               Tmut/Air       19%        N/A       99%         7
 Discord                  Hex            26%        N/A       100%        8
 Disjunction              Tloc           11%        N/A       100%        8
 Ignition                 Fire           11%        3d5       100%        8
 Dragon's Call            Summ           11%        N/A       100%        9


Dungeon Overview and Level Annotations

Branches:
Dungeon (12/15)            Temple (1/1) D:4            Lair (5/5) D:9
 Shoals (0/4) Lair:2        Snake (0/4) Lair:2        Slime (0/5) Lair:5
    Orc (2/2) D:11            Elf (1/3) Orc:2       Ossuary (visited)
  IceCv (visited)         Gauntlet (visited)

Altars:
Ashenzari
Cheibriados
Dithmenos
Elyvilon
Fedhas
Hepliaklqana
Kikubaaqudgha
Makhleb
Nemelex Xobeh
Okawaru
Qazlal
Ru
Sif Muna
Trog
Uskayaw
Vehumet
Wu Jian
Xom
Yredelemnul
Zin
Jiyva

Shops:
D:7 (   Orc:2 *:!:[   Elf:1 ?

Portals:
Trove: D:11 (give 5 scrolls of butterflies)


Innate Abilities, Weirdness & Mutations

You are very small and have problems with some larger weapons.
You are too small for most types of armour.
You have supernaturally acute eyesight. (SInv)
You cover ground extremely quickly. (Speed+++)


Message History

Unknown command.
Casting: Sandblast (safe; 0% risk of failure)
Confirm with . or Enter, or press ? or * to list all spells.
Aiming: Sandblast (safe; 0% risk of failure)
Press: ? - help, Shift-Dir - straight line, f/p - spectral deep elf knight
Aim: a spectral deep elf knight (moderately damaged, 82% to hit)
The blast of sand hits the spectral deep elf knight!!
The spectral deep elf knight is severely damaged.
The spectral deep elf knight hits you!
You feel drained.
Casting: Sandblast (safe; 0% risk of failure)
Confirm with . or Enter, or press ? or * to list all spells.
Aiming: Sandblast (safe; 0% risk of failure)
Press: ? - help, Shift-Dir - straight line, f/p - spectral deep elf knight
Aim: a spectral deep elf knight (severely damaged, 82% to hit)
The blast of sand hits the spectral deep elf knight.
The spectral deep elf knight is severely damaged.
The spectral deep elf knight closely misses you.
The spectral deep elf knight hits you.
Casting: Sandblast (safe; 0% risk of failure)
Confirm with . or Enter, or press ? or * to list all spells.
Aiming: Sandblast (safe; 0% risk of failure)
Press: ? - help, Shift-Dir - straight line, f/p - spectral deep elf knight
Aim: a spectral deep elf knight (severely damaged, 82% to hit)
The blast of sand hits the spectral deep elf knight!!
You destroy the spectral deep elf knight!
Vehumet accepts your kill.
You feel your power returning.
The deep elf blademaster simulacrum completely misses you.
The deep elf blademaster simulacrum hits you!
The deep elf blademaster simulacrum freezes you!!!
* * * LOW HITPOINT WARNING * * *
Casting: Sandblast (safe; 0% risk of failure)
Confirm with . or Enter, or press ? or * to list all spells.
Aiming: Lee's Rapid Deconstruction (safe; 1% risk of failure)
Press: ? - help, Dir - move target A gravestone.
Okay, then.
Casting: Lee's Rapid Deconstruction (safe; 1% risk of failure)
Confirm with . or Enter, or press ? or * to list all spells.
Aiming: Lee's Rapid Deconstruction (safe; 1% risk of failure)
Press: ? - help, Dir - move target, f - deep elf blademaster simulacrum Fragment what (e.g. wall or brittle monster)?: a deep elf blademaster simulacrum
Okay, then.
Unknown command.
The deep elf blademaster simulacrum misses you.
The deep elf blademaster simulacrum completely misses you.
Casting: Lee's Rapid Deconstruction (safe; 1% risk of failure)
Confirm with . or Enter, or press ? or * to list all spells.
Aiming: Lee's Rapid Deconstruction (safe; 1% risk of failure)
Press: ? - help, Dir - move target, f - deep elf blademaster simulacrum Fragment what (e.g. wall or brittle monster)?: a deep elf blademaster simulacrum The deep elf blademaster simulacrum shatters!!!
The deep elf blademaster simulacrum is severely damaged.
The icy blast hits the spectral deep elf knight!!
The spectral deep elf knight partially resists.
The spectral deep elf knight is moderately damaged.
You hear a chilling moan.
The deep elf blademaster simulacrum hits you.
* * * LOW HITPOINT WARNING * * *
The deep elf blademaster simulacrum freezes you!!
* * * LOW HITPOINT WARNING * * *
The deep elf blademaster simulacrum hits you.
The deep elf blademaster simulacrum freezes you!!
You die...

#.....>...#
#.#
#.........#
#.#
'.........#
#.#
#)........#
#.#
#.........#
#)#
#+.......+#
#.#
##.....##
#'##
##########
##.# #8[8
#@## .....
#Z.#
.....8#Z.#
..⌠...'..#
.....8#.##
.....##.#
#8$(# ###
#########
#....'#


You could see a spectral deep elf knight and a deep elf blademaster simulacrum.

Vanquished Creatures
  An orc warlord (Orc:1)
  A deep elf demonologist (Elf:1)
  A minotaur (Gauntlet)
  Nessos (Lair:5)
  A dire elephant (Lair:5)
  Josephine (D:11)
  3 hydras
  2 catoblepae (Lair:5)
  A boulder beetle (Lair:2)
  3 two-headed ogres
  A tengu warrior (D:9)
  4 dancing weapons (Elf:1)
  5 death yaks
  5 orc high priests
  6 deep elf knights (Elf:1)
  Sonja (D:10)
  A spatial maelstrom (Abyss:2)
  6 deep elf archers (Elf:1)
  Pikel (D:4)
  14 deep elf pyromancers (Elf:1)
  14 deep elf zephyrmancers (Elf:1)
  7 orc knights
  An ugly thing (IceCv)
  A lindwurm (Lair:4)
  9 orc sorcerers
  3 manticores
  A cyclops (D:11)
  10 elephants
  5 black mambas
  Joseph (D:8)
  Maurice (D:9)
  3 ice statues (IceCv)
  A spectral elf (Elf:1)
  10 cane toads
  4 torpor snails (Lair:5)
  A gargoyle (D:11)
  3 komodo dragons
  An unseen horror (D:11)
  An ice devil (Gauntlet)
  An anaconda simulacrum (IceCv)
  A troll (D:9)
  A freezing wraith (IceCv)
  A wind drake (Lair:2)
  2 polar bears
  A hornet (D:7)
  A blink frog (Lair:5)
  A raiju (Gauntlet)
  9 dream sheep (Lair:5)
  3 wyverns
  A vampire (D:10)
  18 yaks
  Sigmund (D:6)
  2 air elementals (Elf:1)
  4 shadows
  A dire elephant simulacrum (IceCv)
  Eustachio (D:4)
  5 steam dragons
  2 basilisks (Lair:2)
  3 fire elementals (Elf:1)
  4 wraiths (D:11)
  4 vampire mosquitoes (D:10)
  A death yak simulacrum (IceCv)
  2 swamp worms (Gauntlet)
  3 wargs
  A hydra simulacrum (IceCv)
  4 nagas (Lair:2)
  10 water moccasins
  Duvessa (D:4)
  30 orc warriors
  An ice beast (D:5)
  2 sky beasts (D:7)
  2 black bears
  9 ogres
  28 wolves
  3 lemures (D:4)
  4 phantoms
  3 kobold brigands
  12 bullfrogs
  5 necrophages
  2 earth elementals (Elf:1)
  A cane toad simulacrum (IceCv)
  6 scorpions
  4 water moccasin zombies (Ossuary)
  16 wights
  Dowan (D:4)
  2 troll zombies (D:11)
  11 killer bees
  2 elephant simulacra (Lair:4)
  5 howler monkeys
  An electric eel (D:11)
  2 jellies (D:7)
  21 orc priests
  11 hounds
  A gnoll bouda (D:5)
  3 iguanas
  27 orc wizards
  4 polar bear simulacra
  2 wolf simulacra (IceCv)
  6 ogre zombies (D:11)
  2 mummies (Ossuary)
  14 adders
  4 gnolls (D:5)
  2 shadow imps
  3 white imps (Gauntlet)
  An ufetubus (D:6)
  6 adder zombies (Ossuary)
  4 worms
  3 dart slugs
  82 orcs
  6 ball pythons
  6 bats
  5 endoplasms
  5 giant cockroaches
  3 gnoll zombies (Ossuary)
  12 goblins
  8 hobgoblins
  7 jackals
  21 kobolds
  6 quokkas
  5 frilled lizards
  4 goblin zombies (D:11)
  5 hobgoblin zombies
  6 kobold zombies (Ossuary)
  3 orc skeletons (D:11)
  21 orc zombies
  7 rats
703 creatures vanquished.

Vanquished Creatures (others)
  A sky beast (D:7)
  2 dancing weapons
  18 demonic plants (Gauntlet)
  25 fungi
  22 plants
  3 withered plants (Gauntlet)
71 creatures vanquished.

Grand Total: 774 creatures vanquished

Notes
Turn   | Place    | Note
-------+----------+-------------------------------------------
     0 | D:1      | Amnesiac the Spriggan Earth Elementalist began the quest
                  | for the Orb.
     0 | D:1      | Reached XP level 1. HP: 9/9 MP: 5/5
    66 | D:1      | Reached skill level 3 in Earth Magic
    98 | D:1      | Reached XP level 2. HP: 5/13 MP: 0/7
   193 | D:2      | Learned a level 2 spell: Passwall
   474 | D:3      | Reached XP level 3. HP: 16/16 MP: 2/8
   649 | D:4      | Noticed Eustachio
   756 | D:4      | Noticed a scorpion
   802 | D:4      | Killed a scorpion
   803 | D:4      | Reached skill level 4 in Earth Magic
   803 | D:4      | Reached XP level 4. HP: 14/21 MP: 3/11
   813 | D:4      | Learned a level 4 spell: Petrify
   833 | D:4      | Noticed a necrophage
   875 | D:4      | Killed a necrophage
   876 | D:4      | Reached XP level 5. HP: 21/24 MP: 2/12
   896 | D:4      | Found a staircase to the Ecumenical Temple.
   911 | Temple   | Entered the Ecumenical Temple
   919 | Temple   | Became a worshipper of Vehumet
  1666 | D:2      | Reached * piety under Vehumet
  1666 | D:2      | Offered knowledge of Freeze by Vehumet.
  1719 | D:2      | Reached skill level 5 in Earth Magic
  1722 | D:2      | Learned a level 2 spell: Cigotuvi's Dreadful Rot
  1725 | D:2      | Found a faded altar of an unknown god.
  2316 | D:3      | Reached XP level 6. HP: 28/28 MP: 11/14
  2319 | D:3      | Learned a level 2 spell: Poisonous Vapours
  2428 | D:3      | Reached skill level 5 in Spellcasting
  2600 | D:3      | Reached ** piety under Vehumet
  2600 | D:3      | Offered knowledge of Shock by Vehumet.
  2893 | D:4      | Found a white marble altar of Elyvilon.
  3065 | D:4      | Noticed Pikel
  3231 | D:4      | Killed Pikel
  3232 | D:4      | Reached skill level 7 in Earth Magic
  3232 | D:4      | Reached XP level 7. HP: 32/32 MP: 9/17
  3291 | D:4      | Noticed Duvessa
  3291 | D:4      | Noticed Dowan
  3298 | D:4      | Reached XP level 8. HP: 32/36 MP: 11/19
  3550 | D:4      | Killed Dowan
  3606 | D:4      | Killed Duvessa
  3740 | D:4      | Found a glowing silver altar of Zin.
  3809 | D:4      | Offered knowledge of Dazzling Flash by Vehumet.
  3826 | D:4      | Killed Eustachio
  3827 | D:4      | Reached skill level 8 in Earth Magic
  3833 | D:4      | Learned a level 4 spell: Passage of Golubria
  4242 | D:5      | Entered Level 5 of the Dungeon
  4542 | D:5      | Identified the +0 leather armour "Finuha" {Harm rF- rN+++
                  | Int-4}
  4598 | D:5      | Reached skill level 9 in Earth Magic
  4788 | D:5      | Reached *** piety under Vehumet
  4791 | D:5      | Reached XP level 9. HP: 39/39 MP: 19/22
  4801 | D:5      | Reached skill level 5 in Dodging
  4922 | D:5      | Offered knowledge of Hailstorm by Vehumet.
  5208 | D:6      | Noticed Sigmund
  5226 | D:6      | Killed Sigmund
  5276 | D:6      | Reached skill level 10 in Dodging
  5321 | D:6      | Reached **** piety under Vehumet
  5358 | D:6      | Offered knowledge of Iskenderun's Battlesphere by Vehumet.
  5673 | D:6      | Reached XP level 10. HP: 44/44 MP: 19/23
  5771 | D:7      | Identified a manual of Short Blades
  5906 | D:7      | Found Anocwoyw's Weapon Emporium.
  5977 | D:7      | Found a sand-covered staircase.
  5984 | Ossuary  | Entered an ossuary
  6077 | Ossuary  | Reached ***** piety under Vehumet
  6088 | Ossuary  | Offered knowledge of Sticky Flame by Vehumet.
  6214 | D:7      | Reached skill level 10 in Earth Magic
  6643 | D:7      | Learned a level 3 spell: Stone Arrow
  6791 | D:8      | Found a basalt altar of Yredelemnul.
  6791 | D:8      | Found a stormy altar of Qazlal.
  6825 | D:8      | Noticed Joseph
  7664 | D:9      | Found a hazy altar of Hepliaklqana.
  7693 | D:9      | Found an ornate altar of the Wu Jian Council.
  7741 | D:9      | Noticed a tengu warrior
  7792 | D:9      | Reached skill level 10 in Spellcasting
  7816 | Abyss:2  | Found a corrupted altar of Lugonu.
  7816 | Abyss:2  | Cast into level 2 of the Abyss (tengu warrior)
  7817 | Abyss:2  | Reached skill level 12 in Earth Magic
  7817 | Abyss:2  | Reached XP level 11. HP: 18/47 MP: 18/27
  7858 | Abyss:2  | Noticed a glowing orange brain
  7860 | Abyss:2  | Found a corrupted altar of Lugonu.
  7870 | Abyss:2  | Noticed a spatial maelstrom
  7917 | Abyss:2  | Killed a spatial maelstrom
  8062 | Abyss:2  | Noticed a large abomination
  8067 | Abyss:2  | Noticed a wretched star
  8130 | Abyss:2  | Noticed a starcursed mass
  8155 | Abyss:2  | Noticed a wretched star
  8213 | D:9      | Escaped the Abyss
  8464 | D:8      | Killed Joseph
  8732 | D:9      | Noticed Maurice
  8737 | D:9      | Noticed a death yak
  8738 | D:9      | Noticed a death yak
  8741 | D:9      | Killed Maurice
  8741 | D:9      | Noticed a death yak
  8742 | D:9      | Reached skill level 13 in Earth Magic
  8742 | D:9      | Reached skill level 1 in Evocations
  9249 | D:8      | Killed a death yak
  9414 | D:9      | Found a staircase to the Lair.
  9455 | D:9      | Learned a level 3 spell: Tukima's Dance
  9661 | D:8      | Killed a death yak
  9855 | D:9      | Killed a tengu warrior
  9870 | D:9      | Found the +18 Lear's hauberk
  9957 | D:9      | Reached XP level 12. HP: 51/51 MP: 27/29
  9987 | D:10     | Entered Level 10 of the Dungeon
 10707 | D:10     | You fall into a shaft and drop 2 floors!
 10914 | D:11     | Noticed a two-headed ogre
 10918 | D:11     | Killed a two-headed ogre
 10970 | D:11     | Found a staircase to the Orcish Mines.
 11125 | D:11     | Offered knowledge of Fulminant Prism by Vehumet.
 11158 | D:11     | Found a shadowy altar of Dithmenos.
 11174 | D:11     | Found a portal to a secret trove of treasure.
 11298 | D:11     | Noticed Josephine
 11324 | D:11     | Killed Josephine
 11467 | D:11     | Reached skill level 5 in Evocations
 11483 | D:11     | Reached skill level 5 in Transmutations
 11649 | D:10     | Reached skill level 14 in Earth Magic
 11670 | D:10     | Noticed a two-headed ogre
 11700 | D:10     | Killed a two-headed ogre
 12126 | D:10     | Noticed Sonja
 12130 | D:10     | Killed Sonja
 12280 | Orc:1    | Entered Level 1 of the Orcish Mines
 12288 | Orc:1    | Noticed a two-headed ogre
 12310 | D:11     | Killed a two-headed ogre
 12322 | D:11     | Learned a level 3 spell: Confusing Touch
 12361 | D:11     | Reached skill level 1 in Hexes
 12732 | Orc:1    | Noticed an orc high priest
 13211 | Orc:1    | Found a radiant altar of Vehumet.
 13358 | Orc:1    | Killed an orc high priest
 13593 | Orc:2    | Entered Level 2 of the Orcish Mines
 13724 | Orc:2    | Reached XP level 13. HP: 53/55 MP: 25/31
 13805 | Orc:2    | Found a staircase to the Elven Halls.
 13881 | Orc:2    | Noticed an orc warlord
 14026 | Orc:1    | Killed an orc warlord
 14027 | Orc:1    | Reached skill level 15 in Earth Magic
 14534 | Orc:2    | Reached skill level 5 in Hexes
 14537 | Orc:2    | Found Itturaja's CLEARANCE SALE!.
 14635 | Orc:2    | Paralysed by an orc sorcerer for 3 turns
 15051 | Orc:2    | Offered knowledge of Spellforged Servitor by Vehumet.
 15164 | Orc:2    | Found Pyuc's Distillery.
 15169 | Orc:2    | Found Uxoteyhe's Antique Armour Boutique.
 15216 | Orc:2    | Bought a potion of invisibility for 120 gold pieces
 15216 | Orc:2    | Bought a potion of might for 60 gold pieces
 15216 | Orc:2    | Bought a potion of berserk rage for 75 gold pieces
 15219 | Orc:2    | Found Qyrruis's Book Boutique.
 15221 | Orc:2    | Found Racu's Book Emporium.
 15456 | Orc:2    | Bought an Inescapable Atlas for 384 gold pieces
 15459 | Orc:2    | Learned a level 2 spell: Blink
 15465 | Orc:2    | Learned a level 5 spell: Yara's Violent Unravelling
 15598 | Lair:1   | Entered Level 1 of the Lair of Beasts
 15944 | Lair:1   | Found a gate leading to a gauntlet.
 15950 | Gauntlet | Entered a Gauntlet
 15950 | Gauntlet | Found a transporter.
 15950 | Gauntlet | Found a transporter.
 15952 | Gauntlet | Found a transporter.
 15978 | Gauntlet | Found a transporter.
 16000 | Gauntlet | Found a transporter.
 16017 | Gauntlet | Found a transporter.
 16024 | Gauntlet | Found a transporter.
 16031 | Gauntlet | Found a transporter.
 16163 | Gauntlet | Found a transporter.
 16273 | Gauntlet | Identified the amulet of Ymukoah {RegenMP Int+4 Dex+4}
 16277 | Gauntlet | Noticed a minotaur
 16321 | Gauntlet | Killed a minotaur
 16358 | Gauntlet | Found a transporter.
 16546 | Lair:1   | Reached skill level 16 in Earth Magic
 16745 | Lair:1   | Learned a level 5 spell: Irradiate
 16788 | Lair:2   | Found a staircase to the Snake Pit.
 17136 | Lair:2   | Reached skill level 1 in Conjurations
 17309 | Lair:2   | Found a staircase to the Shoals.
 17569 | Lair:2   | Reached skill level 15 in Spellcasting
 18404 | Lair:3   | Offered knowledge of Lee's Rapid Deconstruction by Vehumet.
 18418 | Lair:3   | Learned a level 5 spell: Lee's Rapid Deconstruction
 18464 | Lair:3   | Reached XP level 14. HP: 47/59 MP: 28/34
 19045 | Lair:4   | Found a frozen archway.
 19060 | IceCv    | Entered an ice cave
 19282 | IceCv    | Reached skill level 1 in Fighting
 19988 | Lair:5   | Identified a manual of Axes
 19988 | Lair:5   | Entered Level 5 of the Lair of Beasts
 20346 | Lair:5   | Found a staircase to the Slime Pits.
 20346 | Lair:5   | Found a viscous altar of Jiyva.
 20388 | Lair:5   | Noticed Nessos
 20411 | Lair:5   | Killed Nessos
 20469 | Lair:5   | Reached skill level 5 in Fighting
 21325 | Lair:5   | Found a snail-covered altar of Cheibriados.
 21333 | Lair:5   | Reached ****** piety under Vehumet
 21725 | Lair:5   | Offered knowledge of Orb of Destruction by Vehumet.
 22039 | Elf:1    | Entered Level 1 of the Elven Halls
 22059 | Elf:1    | Reached skill level 17 in Earth Magic
 22194 | Elf:1    | Reached XP level 15. HP: 74/74 MP: 28/35
 23079 | Elf:1    | Found Usiheisoko's Magic Scroll Shop.
 23732 | Elf:1    | Annihilated by a deep elf blademaster simulacrum

Illustrated notes

Levels and vault maps discovered:
D:1:      psy_arrival_terrarium, layout_loops_cross
D:2:      layout_rooms, nicolae_ecumenical_snake_handling, grunt_ministairs_12,
          minmay_tetromino_t4
D:3:      layout_loops_ring, minmay_divided_ellipse
D:4:      layout_basic, zin_treasury, elyvilon_altar_1,
          minmay_temple_entry_offerings, grunt_ministairs_4, uniq_duvessa,
          uniq_eustachio, uniq_pikel
D:5:      kennysheep_windowed_halls, layout_cave_pools
D:6:      layout_rooms, uniq_sigmund
D:7:      layout_rooms, serial_shops, nicolae_shop_trees, enter_ossuary_2,
          grunt_decor_fettered, st_stairs_14, hangedman_misty_isle
D:8:      layout_cave_pods, gammafunk_temple_overflow_wave, uniq_joseph
D:9:      layout_roguey, mainiacjoe_overflow_catch_the_wave, dpeg_lair_monsters,
          chequers_serial_rivers_marsh, hellmonk_guarded_unrand_lears,
          uniq_maurice
D:10:     layout_loops_ring, serial_co_window_serial, co_window_paths_a,
          co_window_of_opportunity_a, co_window_paths_b, co_window_corner_a,
          co_window_corner_a, co_window_corner_a, co_window_broadway_b,
          co_window_broadway_a, co_window_unsneaky_path_d, co_window_2corner,
          co_window_cross_3, glass_columns_a, glass_columns_b, glass_columns_a,
          glass_columns_c, glass_columns_a, uniq_sonja
D:11:     layout_basic, zombieorc2_lemuel, nicolae_trove_entry_columns,
          hangedman_decor_diamond_cutter, nicolae_dithmenos_shadow_blocks,
          uniq_josephine
D:12:     layout_loops_ring, drop_trap
Temple:   nicolae_temple_x_marks_the_god
Lair:1:   layout_cave_pods, gauntlet_entry_generic, lemuel_fruit_tree
Lair:2:   beast_lair_carwin_large_4, layout_chaotic_city,
          minmay_shoals_entry_beasts, minmay_snake_entry_guardpost_small,
          wad_woods_road_04
Lair:3:   layout_chaotic_city, serial_bayou_shore_b
Lair:4:   layout_regular_city, portal_ice_cave_entry_ice_simulacra
Lair:5:   hangedman_lair_in_review, layout_loops_ring, slime_entry_1,
          kennysheep_snail_temple, uniq_nessos
Orc:1:    layout_caves, hangedman_feature_mirror
Orc:2:    st_orc_elflike, layout_diamond_mine, nicolae_shop_clearance
Elf:1:    layout_geoelf_diagonals, serial_shops, shop, minivault_28,
          nicolae_elf_deep_mausoleum, grunt_megastairs_4

Skill      XL: |  1  2  3  4  5  6  7  8  9 10 11 12 13 14 15 |
---------------+----------------------------------------------+-----
Earth Magic    | 3 4 5 7 9 12 13 14 16 17 | 17.9
Spellcasting   | 3 4 6 8 11 12 13 15 16 | 16.5
Dodging        | 3 4 10 11 12 | 12.0
Evocations     | 2 5 |  5.0
Transmutations | 3 5 |  5.0
Hexes          | 3 5 |  5.0
Conjurations   | 2 3 |  3.0
Fighting       | 6 7 |  7.6
Stealth        | |  3.0

Action                   |  1- 3 |  4- 6 |  7- 9 | 10-12 | 13-15 || total
-------------------------+-------+-------+-------+-------+-------++-------
Melee: Dagger            |     8 |     1 |    12 |   222 |   498 ||   741
       Punch             |       |       |       |     4 |     9 ||    13
 Cast: Sandblast         |    38 |   148 |   163 |   450 |   414 ||  1213
       Cigotuvi's Dreadf |       |     1 |       |     2 |     1 ||     4
       Poisonous Vapours |       |     5 |       |       |     7 ||    12
       Passage of Golubr |       |       |     4 |     1 |       ||     5
       Passwall          |       |       |     2 |    12 |    10 ||    24
       Petrify           |       |       |       |    36 |    14 ||    50
       Tukima's Dance    |       |       |       |     1 |     4 ||     5
       Stone Arrow       |       |       |       |    27 |    40 ||    67
       Irradiate         |       |       |       |       |    21 ||    21
       Confusing Touch   |       |       |       |       |     2 ||     2
       Lee's Rapid Decon |       |       |       |       |   122 ||   122
Evoke: Wand              |       |       |       |     5 |       ||     5
       Piece from Xom's  |       |       |       |     8 |       ||     8
       Phial of floods   |       |       |       |       |     1 ||     1
  Use: Scroll            |       |       |    14 |     8 |     1 ||    23
       Potion            |       |       |       |     9 |    10 ||    19
 Stab: Sleeping          |     2 |       |       |     1 |     2 ||     5
       Petrified         |       |       |       |    56 |    47 ||   103
       Petrifying        |       |       |       |     1 |     1 ||     2
       Confused          |       |       |       |       |     9 ||     9
Armor: Robe              |     2 |     4 |     5 |       |       ||    11
       Steam dragon scal |       |       |       |    48 |   134 ||   182
Dodge: Dodged            |     9 |    32 |    99 |   584 |  1076 ||  1800

Table legend: (Time is in decaauts)
 A = Elapsed time spent in this place.
 B = Non-inter-level travel time spent in this place.
 C = Inter-level travel time spent in this place.
 D = Time resting spent in this place.
 E = Time spent auto-exploring this place.
 F = Levels seen in this place.
 G = Mean time per level.
                   A        B        C        D        E       F      G
               +--------+--------+--------+--------+--------+-----+--------+
         Total |  18305 |  17444 |    861 |   5234 |   6634 |  25 |  732.2 |
       Dungeon |   9046 |   8499 |    547 |   2142 |   3709 |  12 |  753.8 |
        Temple |     11 |      7 |      4 |      0 |      0 |   1 |   11.0 |
          Lair |   4240 |   4066 |    174 |   1041 |   1722 |   5 |  848.0 |
  Orcish Mines |   2613 |   2478 |    135 |   1052 |    623 |   2 | 1306.5 |
   Elven Halls |   1298 |   1298 |      0 |    531 |    439 |   1 | 1298.0 |
         Abyss |    289 |    289 |      0 |     95 |     18 |   1 |  289.0 |
       Ossuary |    128 |    128 |      0 |      0 |     55 |   1 |  128.0 |
      Ice Cave |    274 |    274 |      0 |    180 |     16 |   1 |  274.0 |
      Gauntlet |    403 |    403 |      0 |    191 |     49 |   1 |  403.0 |
               +--------+--------+--------+--------+--------+-----+--------+

Top non-repeatable levels by time:
   Orc:2: 1405 daAuts
  Lair:5: 1370 daAuts
     D:4: 1332 daAuts
   Elf:1: 1298 daAuts
     D:8: 1278 daAuts
   Orc:1: 1207 daAuts
    D:11: 1012 daAuts
     D:9: 965 daAuts
    D:10: 951 daAuts
  Lair:3: 852 daAuts
  Lair:4: 702 daAuts
     D:3: 702 daAuts
  Lair:1: 685 daAuts
  Lair:2: 629 daAuts
     D:7: 606 daAuts
